 Dungeon Crawl Stone Soup version 0.20-a0-350-ga83eecc (webtiles) character file.

149 snakesoul the Slasher (level 5, -15/46 HPs)
             Began as a Minotaur Fighter on Dec 23, 2016.
             Demolished by Menkaure (20 damage)
             ... on level 4 of the Dungeon.
             The game lasted 00:03:03 (3050 turns).

snakesoul the Slasher (Minotaur Fighter)            Turns: 3050, Time: 00:03:03

Health: -15/46     AC:  7    Str: 20    XL:     5   Next: 9%
Magic:  4/4        EV:  7    Int:  5    God:
Gold:   166        SH:  9    Dex: 11    Spells: 4/4 levels left

rFire  . . .     SeeInvis .     a - +0 long sword
rCold  . . .     Gourm    .     b - +0 scale mail
rNeg   . . .     Faith    .     c - +0 shield
rPois  .         Spirit   .     (helmet restricted)
rElec  .         Reflect  .     (no cloak)
rCorr  .         Harm     .     (no gloves)
MR     .....                    (no boots)
Stlth  ..........               (no amulet)
                                (no ring)
                                (no ring)

@: no status effects
A: retaliatory headbutt, horns 2
a: no special abilities


You were on level 4 of the Dungeon.
You were not hungry.

You visited 1 branch of the dungeon, and saw 4 of its levels.

You collected 166 gold pieces.

Inventory:

Hand Weapons
 a - a +0 long sword (weapon)
Armour
 b - a +0 scale mail (worn)
 c - a +0 shield (worn)
Scrolls
 e - 3 scrolls of teleportation {unknown}
 h - a scroll of amnesia {unknown}
 i - a scroll of blinking {unknown}
 k - 6 scrolls of identify {unknown}
 n - a scroll of fear {unknown}
 s - a scroll of remove curse {unknown}
 v - a scroll of enchant weapon {unknown}
 x - a scroll of recharging {unknown}
Potions
 d - a potion of might
 j - a potion of cancellation {unknown}
 l - a potion of heal wounds {unknown}
 m - a potion of flight {unknown}
 p - a potion of mutation {unknown}
 r - a potion of brilliance {unknown}
 t - a potion of haste {unknown}
 u - a potion of lignification {unknown}
 w - a potion of curing {unknown}
Comestibles
 f - 4 bread rations
 g - 2 beef jerkies
 o - a meat ration
 q - a slice of pizza
 z - 4 chunks of flesh


   Skills:
 + Level 4.3 Fighting
 * Level 4.6 Long Blades
 + Level 4.3 Armour
 + Level 4.6 Shields


You had 4 spell levels left.
You didn't know any spells.

Dungeon Overview and Level Annotations

Branches:
Dungeon (4/15)
 Temple: D:4-7

Altars:
Zin

Annotations:
D:4 Menkaure; azzavlup's ghost, novice DrTm


Innate Abilities, Weirdness & Mutations

You reflexively headbutt those who attack you in melee.
You have a pair of horns on your head.


Message History

Menkaure casts a spell.
You slash the orc!
You kill the orc!
You hit Menkaure but do no damage.
You headbutt Menkaure, but do no damage.
Menkaure hits you but does no damage. Menkaure hits you!
You hit Menkaure but do no damage. Menkaure hits you!
You hit Menkaure.
Menkaure is moderately damaged.
You block Menkaure's attack. Menkaure hits you!
* * * LOW HITPOINT WARNING * * *
You slash Menkaure! You headbutt Menkaure.
Menkaure is severely damaged.
Menkaure calls on the powers of darkness!
Your body is wracked with pain!
* * * LOW HITPOINT WARNING * * *
You hit Menkaure.
Menkaure is almost destroyed.
Menkaure hits you!!
You die...

#.###...###.......
#
#.#.............W
#
###.#.#...###.....
# ..#.#.#.#.# #'#
# ..#.#.#.#.# #.#
# ..#.#.#.#>####
#.# #
..#.#........# #.#
# ..#.###.#.##.#
#M# #
.......(#.##.# #@#
######
..#.#####.##.# #.#
....... ###.#
#.##.# #รท#
####### #.# #.##.#
#.# ###.# #.##.#
#.# ....#
#.##.###.# #####
#......# #.
######## #.## #..#


You could see Menkaure.

Vanquished Creatures
  A howler monkey (D:3)
  2 adders
  An ooze (D:2)
  2 worms (D:2)
  A dart slug (D:3)
  A leopard gecko (D:1)
  7 orcs
  4 giant cockroaches
  11 goblins
  10 hobgoblins
  4 jackals (D:3)
  4 kobolds
  2 quokkas
  A ball python (D:1)
  5 bats
  5 frilled lizards
  6 rats
67 creatures vanquished.

Notes
Turn   | Place    | Note
-------+----------+-------------------------------------------
     0 | D:1      | snakesoul the Minotaur Fighter began the quest for the Orb.
     0 | D:1      | Reached XP level 1. HP: 19/19 MP: 0/0
   124 | D:1      | Reached XP level 2. HP: 17/27 MP: 1/1
   540 | D:2      | Reached XP level 3. HP: 16/33 MP: 2/2
  1913 | D:3      | Reached XP level 4. HP: 40/40 MP: 3/3
  2364 | D:3      | Reached XP level 5. HP: 45/46 MP: 4/4
  2692 | D:3      | Found a glowing silver altar of Zin.
  3033 | D:4      | Noticed Menkaure
  3034 | D:4      | Noticed azzavlup's ghost (novice DrTm)
  3050 | D:4      | Demolished by Menkaure

Vault maps used:
D:1:      dpeg_chamrin_arrival_tetris
D:2:      cheibrodos_greedy_goblins, first_bread
D:3:      lemuel_upstairs_altar, nicolae_overflow_hidden_temple, minivault_23
D:4:      black_bear_nest_2, lemuel_round_altar, kennysheep_little_box,
          uniq_eustachio, uniq_sigmund, uniq_menkaure

Skill      XL: |  1  2  3 |
---------------+----------+-----
Long Blades    | 3 4 |  4.6
Shields        | 4 |  4.6
Fighting       | 4 |  4.3
Armour         | 4 |  4.3

Action                   |  1- 3 |  4- 6 || total
-------------------------+-------+-------++-------
Melee: Long sword        |   101 |    58 ||   159
       Headbutt          |    19 |     6 ||    25
  Eat: Chunk             |     3 |     4 ||     7
Armor: Scale mail        |    35 |    22 ||    57
Dodge: Dodged            |    25 |    16 ||    41
Block: Shield            |    43 |    20 ||    63
       Rpst.: Long sword |     8 |     7 ||    15
